 Dungeon Crawl Stone Soup version 0.26-a0-739-gf55cbd344a (webtiles) character file.

Game seed: 18399220022126528558

317 jiml777 the Magician (level 6, -5/32 HPs)
             Began as a Deep Elf Air Elementalist on Nov 5, 2020.
             Was a Plaything of Xom.
             Slain by Grinder (11 damage)
             ... while paralysed by Grinder
             ... on level 5 of the Dungeon.
             The game lasted 00:35:04 (4357 turns).

jiml777 the Magician (Deep Elf Air Elementalist)    Turns: 4357, Time: 00:35:04

Health: -5/32      AC:  7    Str:  5    XL:     6   Next: 20%
Magic:  2/15       EV:  2    Int: 22    God:    Xom [....*.]
Gold:   94         SH:  0    Dex: 15    Spells: 5/15 levels left

rFire    . . .     SeeInvis .   h - +1 dagger (venom)
rCold    . . .     Faith    .   (no shield)
rNeg     . . .     Spirit   .   a - +0 robe
rPois    +         Reflect  .   (helmet restricted)
rElec    .         Harm     .   r - +0 cloak
rCorr    +         Rampage  .   (no gloves)
MR       .....                  (no boots)
Stlth    ++........             (no amulet)
HPRegen  0.10/turn              o - ring of resist corrosion
MPRegen  0.14/turn              q - ring of poison resistance

@: paralysed
A: horns 1, icy blue scales 1, thin metallic scales 1, poison resistance,
MP-powered wands
a: Renounce Religion


You were on level 5 of the Dungeon.
You worshipped Xom.
You were a beloved toy of Xom.
You visited 1 branch of the dungeon, and saw 5 of its levels.

You collected 230 gold pieces.
You spent 136 gold pieces at shops.

Inventory:

Hand Weapons
 g - a +1 short sword of protection
 h - a +1 dagger of venom (weapon)
Missiles
 f - 55 sling bullets
Armour
 a - a +0 robe (worn)
 n - a +1 helmet
 r - a +0 cloak (worn)
 t - a cursed +0 buckler
Jewellery
 o - a ring of resist corrosion (left hand)
 q - a ring of poison resistance (right hand)
Wands
 v - a wand of acid (7)
Scrolls
 b - 4 scrolls of teleportation
 e - 8 scrolls of remove curse
 l - a scroll of blinking
 s - a scroll of magic mapping
Potions
 c - 3 potions of curing
 d - a potion of attraction
 j - 3 potions of brilliance
 k - a potion of magic {unknown}
 m - 2 potions of berserk rage
 p - a potion of haste
 u - a potion of ambrosia {unknown}
 w - a potion of flight {unknown}


   Skills:
 + Level 2.5 Dodging
 + Level 3.3 Stealth
 + Level 5.0 Spellcasting
 + Level 3.7 Conjurations
 + Level 4.8 Air Magic


You had 5 spell levels left.
You knew the following spells:

 Your Spells              Type           Power        Failure   Level
a - Shock                 Conj/Air       ###.         1%          1
b - Swiftness             Air            ####....     1%          2
c - Static Discharge      Conj/Air       ###.....     4%          3
d - Airstrike             Air            ####......   14%         4

Your spell library contained the following spells:

 Spells                   Type           Power        Failure   Level
 Lightning Bolt           Conj/Air       ###.......   43%         5


Dungeon Overview and Level Annotations

Branches:
Dungeon (5/15)
 Temple: D:4-7

Altars:
Fedhas
Nemelex Xobeh
Wu Jian
Xom

Shops:
D:4 ?

Annotations:
D:5 3 runed translucent doors, Eryximachus's ghost, novice MfTm; Grinder


Innate Abilities, Weirdness & Mutations

You have a pair of small horns on your head.
You are partially covered in icy blue scales. (AC +2)
You are partially covered in thin metallic scales. (AC +2)
Your system is resistant to poisons. (rPois)
You expend magic power (3 MP) to strengthen your wands.


Message History

Grinder gestures at you. Pain shoots through your body!
* * * LOW HITPOINT WARNING * * *
The orc is engulfed in seething chaos.
Casting: Shock (safe; 1% risk of failure)
Confirm with . or Enter, or press ? or * to list all spells.
Press: ? - help, Shift-Dir - straight line, p - Grinder The zap hits Grinder!
Grinder is almost dead.
The zap misses Grinder. "You have displeased me, mortal."
Your body is wracked with pain!
* * * LOW HITPOINT WARNING * * *
You are now a beloved toy of Xom.
Grinder gestures at you.
You suddenly lose the ability to move!
Grinder grins, showing sharp teeth.
Grinder hits you!
You die...
Xom chuckles heartily!

##.## .# ##§§.##
.##.###.# ##§§o§.##
........# ##§§§§§..##
###....####..§§§§..!#
..........'.§§§.....+
###.........(.......#
#.###+++###......##
...#.(....W#.....##
.##.#....(..##..@##
#.#..(....###5##
#.#.....(8# #.#
#.#.(.(...# #.#
######### #.# ... ...
... ....#


You could see Grinder (fast) and an orc (paralysed).

Vanquished Creatures
  A hound (D:4)
  3 orc wizards (D:3)
  A worker ant (D:4)
  2 hound skeletons (D:4)
  6 adders
  An ooze (D:2)
  A worm (D:2)
  2 dart slugs
  2 leopard geckos
  16 orcs
  11 bats
  3 giant cockroaches
  8 goblins
  6 hobgoblins
  2 quokkas
  7 frilled lizards
  6 kobolds
  10 rats
88 creatures vanquished.

Notes
Turn   | Place    | Note
-------+----------+-------------------------------------------
     0 | D:1      | jiml777 the Deep Elf Air Elementalist began the quest for
                  | the Orb.
     0 | D:1      | Reached XP level 1. HP: 10/10 MP: 6/6
   189 | D:1      | Reached XP level 2. HP: 13/15 MP: 1/8
  1069 | D:2      | Found a faded altar of an unknown god.
  1074 | D:2      | Became a worshipper of Xom of Chaos
  1211 | D:2      | Reached XP level 3. HP: 19/19 MP: 6/10
  1246 | D:2      | XOM: silly message
  1430 | D:2      | Reached skill level 4 in Spellcasting
  2018 | D:3      | Reached XP level 4. HP: 23/24 MP: 8/12
  2080 | D:3      | Learned a level 2 spell: Swiftness
  2085 | D:3      | Learned a level 3 spell: Static Discharge
  2090 | D:3      | Learned a level 4 spell: Airstrike
  2141 | D:3      | XOM: 1-stop teleportation journey
  2162 | D:3      | XOM: 2-stop teleportation journey
  2371 | D:3      | Reached XP level 5. HP: 28/28 MP: 8/13
  2371 | D:3      | Found a sparkling altar of Nemelex Xobeh.
  2371 | D:3      | Found a blossoming altar of Fedhas.
  2371 | D:3      | Found an ornate altar of the Wu Jian Council.
  2371 | D:3      | XOM: 2-stop teleportation journey
  2372 | D:3      | XOM: give mutations
  2372 | D:3      | Gained mutation: You have a pair of small horns on your
                  | head. [Xom's grace]
  2372 | D:3      | Gained mutation: You are partially covered in thin metallic
                  | scales. (AC +2) [Xom's grace]
  2372 | D:3      | Gained mutation: You are partially covered in icy blue
                  | scales. (AC +2) [Xom's grace]
  2622 | D:4      | Found Tijiwa's Magic Scroll Boutique.
  2627 | D:4      | Bought a scroll of identify for 26 gold pieces
  2627 | D:4      | Bought a scroll of identify for 26 gold pieces
  2627 | D:4      | Bought a scroll of noise for 13 gold pieces
  2627 | D:4      | Bought a scroll of magic mapping for 45 gold pieces
  2627 | D:4      | Bought a scroll of identify for 26 gold pieces
  2724 | D:4      | XOM: scenery: create altars
  3231 | D:3      | Reached skill level 5 in Spellcasting
  3231 | D:3      | Reached XP level 6. HP: 32/32 MP: 6/15
  3414 | D:3      | XOM: god gift: wand of acid (7)
  3656 | D:3      | XOM: 2-stop teleportation journey
  3778 | D:3      | XOM: give mutations
  3778 | D:3      | Gained mutation: Your system is resistant to poisons.
                  | (rPois) [Xom's grace]
  3778 | D:3      | Gained mutation: You expend magic power (3 MP) to
                  | strengthen your wands. [Xom's grace]
  3823 | D:3      | XOM: summons 1 hostile demon
  3824 | D:3      | Noticed an orange demon
  4060 | D:4      | XOM: noise
  4124 | D:4      | XOM: silly message
  4311 | D:5      | Entered Level 5 of the Dungeon
  4312 | D:5      | Found a runed translucent gate.
  4312 | D:5      | Found a runed translucent gate.
  4313 | D:5      | Found a runed translucent gate.
  4316 | D:5      | Noticed Eryximachus's ghost (novice MfTm)
  4323 | D:5      | Noticed Grinder
  4334 | D:5      | XOM: swap monsters
  4345 | D:5      | XOM: chaos cloud
  4346 | D:5      | XOM: silly message
  4356 | D:5      | XOM: torment (6/32 hp)
  4356 | D:5      | Paralysed by Grinder for 5 turns
  4357 | D:5      | Slain by Grinder

Illustrated notes

Levels and vault maps discovered:
D:1:      ncdulo_watergridlock, layout_basic
D:2:      layout_basic, chequers_ecumenical_altar_simple, minmay_split_cup_large
D:3:      layout_loops_ring, nicolae_overflow_hidden_temple, grunt_ministairs_5
D:4:      layout_loops_ring, serial_shops, kennysheep_little_box,
          grunt_ministairs_8
D:5:      layout_loops_corners, ebering_ghost_rock_garden, uniq_grinder

Skill      XL: |  1  2  3  4  5 |
---------------+----------------+-----
Spellcasting   | 4 5 |  5.0
Air Magic      | 4 |  4.8
Conjurations   | 2 3 |  3.7
Stealth        | 3 |  3.3
Dodging        | |  2.5

Action                   |  1- 3 |  4- 6 || total
-------------------------+-------+-------++-------
 Cast: Shock             |    67 |   100 ||   167
       Airstrike         |       |     7 ||     7
  Use: Scroll            |       |    10 ||    10
       Potion            |       |     1 ||     1
Armor: Robe              |     3 |     5 ||     8
Dodge: Dodged            |     9 |    24 ||    33

Table legend: (Time is in decaauts)
 A = Elapsed time spent in this place.
 B = Non-inter-level travel time spent in this place.
 C = Inter-level travel time spent in this place.
 D = Time resting spent in this place.
 E = Time spent auto-exploring this place.
 F = Levels seen in this place.
 G = Mean time per level.
                   A        B        C        D        E       F      G
               +--------+--------+--------+--------+--------+-----+--------+
         Total |   4356 |   4235 |    121 |   1026 |   2307 |   5 |  871.2 |
       Dungeon |   4356 |   4235 |    121 |   1026 |   2307 |   5 |  871.2 |
               +--------+--------+--------+--------+--------+-----+--------+

Top non-repeatable levels by time:
     D:3: 1433 daAuts
     D:2: 1048 daAuts
     D:1: 963 daAuts
     D:4: 865 daAuts
     D:5: 45 daAuts
